 Dungeon Crawl Stone Soup version 0.28-a0-297-g99b01970c5 (webtiles) character file.

Game seed: 9621886074038762156

0 Gargoyl the Skirmisher (level 1, -14/23 HPs)
             Began as a Gnoll Abyssal Knight on Aug 29, 2021.
             Was a Follower of Lugonu.
             Collided with a stone wall (16 damage)
             ... caused by a wretched star
             ... on level 1 of the Abyss.
             The game lasted 00:00:23 (142 turns).

Gargoyl the Skirmisher (Gnoll Abyssal Knight)        Turns: 142, Time: 00:00:24

Health: -14/23     AC:  3    Str: 11    XL:     1   Next: 0%
Magic:  3/3        EV: 11    Int: 11    God:    Lugonu [*.....]
Gold:   0          SH:  0    Dex: 11    Spells: 0/0 levels left

rFire   . . .      SeeInvis .   a - +1 hand axe
rCold   . . .      Faith    .   (no shield)
rNeg    . . .      Spirit   .   b - +0 leather armour
rPois   .          Reflect  .   (no helmet)
rElec   .          Harm     .   (no cloak)
rCorr   .          Rampage  .   (no gloves)
Will    .....                   (no boots)
Stlth   +.........              (no amulet)
HPRegen 0.07/turn               (no ring)
MPRegen 0.08/turn               (no ring)

@: unable to read
A: fangs 1, strong nose, distributed training, [inability to read while
threatened]
a: Renounce Religion, Depart the Abyss


You were on level 1 of the Abyss.
You worshipped Lugonu.
Lugonu was aware of your devotion.
You visited 0 branches of the dungeon, and saw 0 of its levels.
You visited the Abyss 1 time.

Inventory:

Hand Weapons
 a - a +1 hand axe (weapon)
Armour
 b - a +0 leather armour (worn)


   Skills:
 + Level 6.4 Fighting
 + Level 0.0 Short Blades
 + Level 0.0 Long Blades
 + Level 4.4 Axes
 + Level 0.0 Maces & Flails
 + Level 0.0 Polearms
 + Level 0.0 Staves
 + Level 0.0 Slings
 + Level 0.0 Bows
 + Level 0.0 Crossbows
 + Level 0.0 Throwing
 + Level 4.4 Armour
 + Level 2.3 Dodging
 + Level 0.0 Stealth
 + Level 0.0 Shields
 + Level 0.0 Unarmed Combat
 + Level 0.0 Spellcasting
 + Level 0.0 Conjurations
 + Level 0.0 Hexes
 + Level 0.0 Summonings
 + Level 0.0 Necromancy
 + Level 0.0 Translocations
 + Level 0.0 Transmutations
 + Level 0.0 Fire Magic
 + Level 0.0 Ice Magic
 + Level 0.0 Air Magic
 + Level 0.0 Earth Magic
 + Level 0.0 Poison Magic
 + Level 4.4 Invocations
 + Level 0.0 Evocations


You couldn't memorise any spells.
You didn't know any spells.
Your spell library was empty.

Dungeon Overview and Level Annotations

Branches:
Dungeon (0/15)

Altars:

Annotations:
Abyss:1 1 transporter


Innate Abilities, Weirdness & Mutations

You have very sharp teeth.
Your uncanny sense of smell can sniff out nearby items.
Your experience applies equally to all skills.
[You sometimes lose the ability to read scrolls when taking damage.]


Message History

Welcome, Gargoyl the Gnoll Abyssal Knight.
The bosom of this dungeon contains the fabled artefact, the Orb of Zot.
Lugonu says: Depart the Abyss and spread corruption, my servant! (use the ability menu to exit the Abyss) Press ? for a list of commands and other information.
Found a corrupted altar of Lugonu.
No target in view!
Found a gateway leading out of the Abyss.
c - a bubbling blue potion It was a potion of brilliance.
You feel clever all of a sudden.
c - a scroll labelled NICSI NEDD Unknown command.
An iron dragon zombie comes into view.
A large abomination comes into view.
Found a fizzy ruby potion.
You feel a little less clever now.
d - a fizzy ruby potion
There are no items here.
It was a potion of curing.
You feel better.
As you read the scroll labelled NICSI NEDD, it crumbles to dust.
You feel momentarily disoriented.
It was a scroll of magic mapping.
Found a long sword.
You see here a +0 long sword.
A wretched star comes into view.
The wretched star pulses with an eldritch light!
You lose the ability to read scrolls when threatened.
Found a transporter.
The raiju barks!
You hear a screech!
You hear an angry hiss.
You hear a bellow!
The ynoxinul bellows!
You hear a roar!
The will-o-the-wisp gives a chilling moan.
The wretched star glows turbulently.
The lance of force hits you!!
Ouch! That really hurt!
* * * LOW HITPOINT WARNING * * *
You are knocked back by the lance of force.
You slam into the stone wall!
You feel threatened and lose the ability to read scrolls!
Ouch! That really hurt!
You die...

..# ...#.....#.# .###
.#..#. ..#
).......#..#..#
.#...#...#.. .#
#.##..####.#..#.#####
∆
###..##∆∆####.#.....#
∆ #.#.# ∆#.#..#.# ∆ #
### ∆#.##..# #@..*##
#.##### ... #©...
Xx##... .*h###. #.v3
## ##. .


You could see a tentacled starspawn, 2 wretched stars, a worldbinder, a
will-o-the-wisp, a raiju and a ynoxinul.

Vanquished Creatures (others)
  A demonic plant (Abyss:1)
1 creature vanquished.

Notes
Turn   | Place    | Note
-------+----------+-------------------------------------------
     0 | Abyss:1  | Gargoyl the Gnoll Abyssal Knight began the quest for the
                  | Orb.
     0 | Abyss:1  | Reached XP level 1. HP: 23/23 MP: 3/3
    87 | Abyss:1  | Noticed an iron dragon zombie
    87 | Abyss:1  | Noticed a large abomination
   137 | Abyss:1  | Noticed a wretched star
   140 | Abyss:1  | Found a transporter.
   140 | Abyss:1  | Noticed a raiju
   141 | Abyss:1  | Noticed a ynoxinul
   141 | Abyss:1  | Noticed a will-o-the-wisp
   142 | Abyss:1  | Noticed a worldbinder
   142 | Abyss:1  | Noticed a tentacled starspawn
   142 | Abyss:1  | Noticed a wretched star
   142 | Abyss:1  | Collided with a stone wall

Illustrated notes

Levels and vault maps discovered:
Abyss:1:  base: Temple, evilmike_abyss_exit_plants, base: Temple,
          gammafunk_corrupted_shrine, gammafunk_corrupted_shrine,
          guppyfry_abyss_exit_glass_guarded

Action                   || total
-------------------------++-------
  Use: Potion            ||     2
       Scroll            ||     1

Table legend: (Time is in decaauts)
 A = Elapsed time spent in this place.
 B = Non-inter-level travel time spent in this place.
 C = Inter-level travel time spent in this place.
 D = Time resting spent in this place.
 E = Time spent auto-exploring this place.
 F = Levels seen in this place.
 G = Mean time per level.
                   A        B        C        D        E       F      G
               +--------+--------+--------+--------+--------+-----+--------+
         Total |    142 |    142 |      0 |      0 |     83 |   1 |  142.0 |
         Abyss |    142 |    142 |      0 |      0 |     83 |   1 |  142.0 |
               +--------+--------+--------+--------+--------+-----+--------+

Top non-repeatable levels by time:
 Abyss:1: 142 daAuts
